Map: Undercurrent LE

Players

destrucxx

  • Race: Protoss Protoss
  • Spawn Location: 7:00

Computer

  • Race: Protoss Protoss
  • Spawn Location: 7:00

AquilesVoy

  • Race: Protoss Protoss
  • Spawn Location: 1:00

iPlayDefense

  • Race: Terran Terran
  • Spawn Location: 3:00

VOD

Have the link to the VOD?

Description

Time

  • Played on: April 12, 2025, 1:06 a.m.
  • Length: 5:04
Show
View Real Time Build Order
Export as new Build Order

destrucxx Protoss 

Build Orders:  

Get SALT Encoding   

  12  0:29  Probe  
  13  0:37  Probe, Pylon  
  14  0:43  Pylon  
  14  0:47  Assimilator, Probe  
  15  0:52  Assimilator  
  15  0:59  Probe  
  16  1:11  Probe  
  17  1:14  Gateway  
  17  1:15  Gateway  
  17  1:18  Gateway  
  17  1:21  Forge  
  17  1:22  Probe  
  18  1:30  Probe  
  18  1:38  Probe  
  20  1:49  Probe  
  21  1:56  Photon Cannon  
  21  2:01  Probe  
  21  2:02  Pylon  
  21  2:04  Cybernetics Core  
  22  2:08  Gateway  
  22  2:09  Protoss Ground Weapons Level 1  
  22  2:13  Probe  
  23  2:18  Pylon  
  23  2:36  Gateway  
  23  2:38  Gateway  
  23  2:41  Stalker x3, Pylon  
  29  2:52  Photon Cannon  
  29  2:53  Photon Cannon  
  29  3:11  Stalker  
  31  3:21  Warp Gate  
  31  3:24  Stalker x2  
  31  3:25  Stalker  
  37  3:39  Robotics Facility  
  37  3:40  Stalker  
  37  3:41  Stalker  
  41  4:18  Pylon  
  41  4:24  Pylon  
  41  4:35  Pylon  
Show
View Real Time Build Order
Export as new Build Order

Computer Protoss 

Build Orders:  

Get SALT Encoding   

  12  0:56  Pylon  
  12  0:58  Probe  
  12  1:00  Assimilator  
  13  1:05  Assimilator  
  13  1:06  Probe  
  14  1:16  Probe  
  15  1:28  Probe  
  16  2:21  Forge  
  16  2:23  Probe  
  17  2:35  Probe  
  18  2:47  Probe  
  19  3:01  Probe, Photon Cannon  
  20  3:06  Pylon  
  20  3:10  Probe  
  20  3:19  Probe  
  22  3:31  Probe  
  23  3:50  Photon Cannon  
Show
View Real Time Build Order
Export as new Build Order

AquilesVoy Protoss 

Build Orders:  

Get SALT Encoding   

  12  0:02  Probe  
  14  0:14  Probe  
  14  0:20  Pylon  
  14  0:26  Probe  
  15  0:36  Pylon  
  15  0:39  Probe  
  16  0:51  Gateway  
  16  0:52  Probe  
  17  1:00  Probe  
  17  1:08  Probe  
  17  1:09  Assimilator  
  19  1:24  Probe  
  20  1:36  Probe  
  21  1:44  Cybernetics Core  
  21  1:48  Probe  
  22  2:00  Zealot  
  22  2:01  Probe  
  25  2:02  Nexus  
  25  2:11  Pylon  
  25  2:26  Assimilator  
  25  2:27  Zealot  
  27  2:42  Gateway  
  27  2:52  Pylon  
  27  2:54  Zealot  
  27  2:57  Pylon  
  29  3:11  Warp Gate  
  29  3:17  Stargate  
  29  3:21  Zealot  
  31  3:34  Forge  
  31  3:37  Pylon  
  31  3:43  Probe  
  31  3:46  Probe  
  32  3:52  Probe  
  32  3:54  Probe  
  33  4:00  Zealot, Probe  
  37  4:03  Probe  
  37  4:07  Zealot  
  41  4:10  Probe  
  41  4:14  Probe  
  43  4:20  Probe  
  43  4:22  Probe  
  44  4:27  Zealot  
  44  4:28  Probe  
  44  4:30  Probe  
  47  4:37  Probe  
  49  4:41  Probe  
  49  4:49  Probe  
  53  5:03  Stalker  
Show
View Real Time Build Order
Export as new Build Order

iPlayDefense Terran 

Build Orders:  

Get SALT Encoding   

  12  0:00  SCV  
  13  0:12  SCV  
  14  0:28  Supply Depot, Refinery  
  14  0:33  SCV  
  16  0:50  SCV  
  16  1:05  SCV  
  16  1:10  Barracks  
  17  1:20  Supply Depot  
  17  1:48  Barracks  
  17  1:57  Orbital Command, Barracks Reactor  
  17  2:01  Supply Depot  
  17  2:30  Command Center  
  17  2:31  SCV  
  17  2:35  Marine x2  
  20  2:43  Barracks Tech Lab  
  20  2:48  Engineering Bay  
  20  2:53  Marine x2  
  22  3:04  SCV  
  23  3:09  Combat Shield  
  23  3:16  SCV  
  24  3:28  SCV  
  25  3:40  SCV  
  26  3:42  Supply Depot  
  26  3:44  Supply Depot  
  26  3:50  Supply Depot  
  26  3:51  SCV  
  27  4:03  SCV  
  27  4:05  Marine x2  
  30  4:15  SCV, Marine  
  32  4:23  Marine x2  
  34  4:27  SCV  
  34  4:30  Refinery  
  35  4:33  Marine  
  36  4:39  SCV  
  36  4:51  SCV  
Tags
 
Add a new tag
Caveats
  • Supply blocks, unpowered buildings, or Contaminate may cause inaccurate times.
  • Supply counts are checked every 10 seconds.